 Dungeon Crawl Stone Soup version 0.21.0-3-g78d12a8 (webtiles) character file.

78 MTVSty1e the Chopper (level 4, -4/57 HPs)
             Began as a Draconian Berserker on Jan 12, 2018.
             Was a Believer of Trog.
             Slain by Natasha (10 damage)
             ... on level 2 of the Dungeon.
             The game lasted 00:02:00 (1161 turns).

MTVSty1e the Chopper (Draconian Berserker)          Turns: 1161, Time: 00:02:01

Health: -4/57      AC:  5    Str: 25    XL:     4   Next: 15%
Magic:  4/4        EV:  9    Int:  8    God:    Trog [**....]
Gold:   97         SH:  7    Dex: 10    Spells: 3/3 levels left

rFire    . . .     SeeInvis .   a - +0 hand axe
rCold    . . .     Gourm    .   i - +0 shield
rNeg     . . .     Faith    .   (armour unavailable)
rPois    .         Spirit   .   (helmet restricted)
rElec    .         Reflect  .   (no cloak)
rCorr    .         Harm     .   (no gloves)
MR       .....                  (no boots)
Stlth    ..........             (no amulet)
HPRegen  0.19/turn              (no ring)
MPRegen  0.09/turn              (no ring)

@: berserking, slowed
A: unfitting armour, cold-blooded, AC +5
a: Berserk, Trog's Hand, Burn Spellbooks, Renounce Religion


You were on level 2 of the Dungeon.
You worshipped Trog.
Trog was pleased with you.
You were not hungry.

You visited 1 branch of the dungeon, and saw 2 of its levels.

You collected 97 gold pieces.

Inventory:

Hand Weapons
 a - a +0 hand axe (weapon)
Armour
 i - a +0 shield (worn)
Scrolls
 c - a scroll of immolation {unknown}
 e - 2 scrolls of remove curse {unknown}
 f - a scroll of amnesia {unknown}
 g - a scroll of fear {unknown}
 h - a scroll of teleportation {unknown}
 k - a scroll of fog {unknown}
 l - a scroll of identify {unknown}
Potions
 d - a potion of agility {unknown}
 j - a potion of cancellation {unknown}
 m - a potion of mutation {unknown}
Comestibles
 b - 4 rations


   Skills:
 - Level 3.2 Fighting
 * Level 5.0 Axes
 - Level 2.6 Dodging


You had 3 spell levels left.
You didn't know any spells.

Dungeon Overview and Level Annotations

Branches:
Dungeon (2/15)

Altars:

Annotations:
D:2 Natasha


Innate Abilities, Weirdness & Mutations

Your plain brown scales are hard. (AC +5)
You cannot fit into any form of body armour.
You are cold-blooded and may be slowed by cold attacks.


Message History

Natasha is moderately wounded.
Your shield prevents you from hitting the crimson imp.
You hit the crimson imp. You hit the hobgoblin but do no damage.
The crimson imp hits you but does no damage.
Natasha barely misses you. You block the crimson imp's attack.
The hobgoblin hits you but does no damage.
You block the crimson imp's attack. Natasha claws you but does no damage.
You hit Natasha.
Natasha is heavily wounded.
You hit the crimson imp but do no damage. x2
You barely miss the hobgoblin.
The crimson imp blinks!
The hobgoblin misses you.
The crimson imp blinks!
Natasha claws you. You block the hobgoblin's attack.
Natasha growls.
Natasha claws you!
* * * LOW HITPOINT WARNING * * *
A red film seems to cover your vision as you go berserk!
You feel yourself moving faster!
You feel mighty!
You feel a lot more hungry. You block the hobgoblin's attack.
Natasha claws you!
You die...

...........# ..# #..
...........####.# #...
.................
..5.#####...............
........#...............
........#...............
........######..........
#.......######........)#
#.....h@...............#
......g.................
...##..................#
. #......5............
#...................
#.........#########.
#.........# #.
#.........# #. #.


You could see Natasha, 2 crimson imps and a hobgoblin.

Vanquished Creatures
  Natasha (D:2)
  An adder (D:2)
  2 dart slugs (D:1)
  A leopard gecko (D:1)
  An orc (D:2)
  A ball python (D:1)
  3 giant cockroaches
  6 goblins (D:1)
  6 hobgoblins
  2 kobolds (D:1)
  6 bats (D:1)
  4 frilled lizards (D:1)
  4 rats (D:1)
38 creatures vanquished.

Notes
Turn   | Place    | Note
-------+----------+-------------------------------------------
     0 | D:1      | MTVSty1e the Draconian Berserker began the quest for the Orb.
     0 | D:1      | Reached XP level 1. HP: 19/19 MP: 1/1
    68 | D:1      | Reached XP level 2. HP: 22/26 MP: 2/2
   406 | D:1      | Reached skill level 4 in Axes
   499 | D:1      | Reached ** piety under Trog
   548 | D:1      | Reached XP level 3. HP: 25/31 MP: 3/3
  1001 | D:2      | Noticed Natasha
  1009 | D:2      | Killed Natasha
  1024 | D:2      | Reached skill level 5 in Axes
  1024 | D:2      | Reached XP level 4. HP: 36/38 MP: 4/4
  1150 | D:2      | Noticed Natasha
  1161 | D:2      | Slain by Natasha

Skill      XL: |  1  2  3 |
---------------+----------+-----
Axes           | 4 5 |  5.0
Fighting       | |  3.2
Dodging        | |  2.6

Action                   |  1- 3 |  4- 6 || total
-------------------------+-------+-------++-------
Melee: Hand axe          |    94 |    11 ||   105
       Tailslap          |     7 |     1 ||     8
Invok: Berserk           |       |     1 ||     1
  Use: Potion            |     1 |       ||     1
  Eat: Ration            |       |     1 ||     1
Armor: Skin              |    46 |     5 ||    51
Dodge: Dodged            |    70 |     6 ||    76
Block: Shield            |     9 |     8 ||    17
